 Dungeon Crawl Stone Soup version 0.19-a0-994-g3c636f0 (webtiles) character file.

2500 Arkorax the Skirmisher (level 9, -1/72 HPs)
             Began as a Human Wanderer on July 15, 2016.
             Was a Priest of Okawaru.
             Slain by Joseph
             ... wielding a +0 quarterstaff
              (11 damage)
             ... on level 7 of the Dungeon.
             The game lasted 00:14:19 (6487 turns).

Arkorax the Skirmisher (Human Wanderer)             Turns: 6487, Time: 00:14:19

Health: -1/72      AC:  7    Str: 13    XL:     9   Next: 82%
Magic:  10/10      EV: 15    Int: 13    God:    Okawaru [***...]
Gold:   297        SH:  5    Dex: 18    Spells: 0 memorised, 10 levels left

rFire  . . .     SeeInvis .     z - +2 dagger (chaos)
rCold  . . .     Gourm    .     K - +0 leather armour {rPois}
rNeg   + . .     Faith    .     o - +0 buckler
rPois  +         Spirit   .     (no helmet)
rElec  .         Dismiss  .     (no cloak)
rCorr  .         Reflect  .     u - +0 pair of gloves
SustAt .         Harm     .     n - +2 pair of boots
MR     .....                    (no amulet)
Stlth  ++........               H - ring of positive energy
                                g - +3 ring of dexterity

@: not resistant to hostile enchantments, unstealthy
A: no striking features
a: Heroism, Renounce Religion


You were on level 7 of the Dungeon.
You worshipped Okawaru.
Okawaru was most pleased with you.
You were not hungry.

You visited 1 branch of the dungeon, and saw 7 of its levels.

You collected 297 gold pieces.

Inventory:

Hand Weapons
 e - a +0 dagger
 i - a +0 dagger of draining
 y - the +6 arbalest "Hoick" {penet, +Blink Dex+2}
   (You found it on level 4 of the Dungeon)

   Ammo fired by it will pass through the targets it hits, potentially hitting
   all targets in its path until it reaches maximum range.
   It affects your dexterity (+2).
   It lets you blink.
 z - a +2 dagger of chaos (weapon)
 G - a -3 trident
Missiles
 A - 47 bolts
Armour
 d - a +0 robe
 h - a +0 ring mail
 n - a +2 pair of boots (worn)
 o - a +0 buckler (worn)
 s - a -2 chain mail
 u - a +0 pair of gloves (worn)
 x - a cursed -1 scale mail
 K - a +0 leather armour of poison resistance (worn)
Magical Staves
 D - an uncursed staff of wizardry
Jewellery
 g - a +3 ring of dexterity (left hand)
 m - an uncursed ring of stealth
 C - an uncursed ring of fire
 E - an uncursed amulet of the gourmand {unknown}
 H - a ring of positive energy (right hand)
Wands
 w - a wand of polymorph (0/24)
 F - a wand of digging (9/24)
 J - a wand of lightning (12/15)
Scrolls
 c - 3 scrolls of teleportation
 f - a scroll of fog
 j - 5 scrolls of identify
 k - a scroll of enchant armour {unknown}
 l - a scroll of fear {unknown}
 q - a scroll of recharging {unknown}
 r - 2 scrolls of remove curse
Potions
 p - a potion of flight
 I - a potion of agility
 M - a potion of cancellation
Books
 a - a book of Frost

   Spells                             Type                      Level
   a - Freeze                         Ice                          1
   b - Throw Frost                    Conjuration/Ice              2
   c - Ozocubu's Armour               Charms/Ice                   3
   d - Throw Icicle                   Conjuration/Ice              4
   e - Summon Ice Beast               Ice/Summoning                4
 b - the Disquisition on Weightlessness

   Spells                             Type                      Level
   a - Shock                          Conjuration/Air              1
   b - Mephitic Cloud                 Conjuration/Poison/Air       3
 t - a Fen Folio

   Spells                             Type                      Level
   a - Corpse Rot                     Necromancy                   2
   b - Stone Arrow                    Conjuration/Earth            3
   c - Leda's Liquefaction            Hexes/Earth                  4
   d - Summon Forest                  Summoning/Translocation      5
   e - Hydra Form                     Transmutation                6
   f - Summon Hydra                   Summoning                    7
 L - a book of Conjurations

   Spells                             Type                      Level
   a - Magic Dart                     Conjuration                  1
   b - Searing Ray                    Conjuration                  2
   c - Dazzling Spray                 Conjuration/Hexes            3
   d - Fulminant Prism                Conjuration/Hexes            4
   e - Iskenderun's Mystic Blast      Conjuration                  4
   f - Iskenderun's Battlesphere      Conjuration/Charms           5
Comestibles
 v - 3 royal jellies
 B - 4 bread rations


   Skills:
 + Level 7.5 Fighting
 + Level 7.0 Short Blades
 - Level 1.0 Throwing
 + Level 2.3 Armour
 + Level 5.8 Dodging
 - Level 1.0 Stealth
 - Level 4.2 Shields
 - Level 1.0 Spellcasting
   Level 1.0 Ice Magic
   Level 1.0 Earth Magic


You had 10 spell levels left.
You didn't know any spells.

Dungeon Overview and Level Annotations

Branches:
Dungeon (7/15)             Temple (0/1) D:4

Altars:
Dithmenos
Gozag
Hepliaklqana
Okawaru
Qazlal
Trog
Xom
Zin

Shops:
D:5 %

Annotations:
D:3 Musica's ghost, weakling OpTm
D:7 Joseph


Message History

No target in view!
No target in view!
No target in view!
No target in view!
You hit something. You freeze something. You hit something. Something hits you!
Something hits you!
A sling bullet appears from out of thin air!
The sling bullet hits you!
A sling bullet appears from out of thin air!
You block the sling bullet.
You see here a sling bullet.
A sling bullet appears from out of thin air!
The sling bullet hits you!
* * * LOW HITPOINT WARNING * * *
You see here 2 sling bullets.
You see here a sling bullet.
Something hits you!
You die...

#(# ##.### .. #.##
##..## #.# . #<.#
##..# #.# .. ##.##
#..## #.###..
##.####.>.# #....
#...#....## ##..#
##.....(.(###..##
######.........(((..#
.##........#....@...#
.........####...._..#
.........# ##......#
........## #......#
..####### ##.###.# .
.########
#..#(.####.#
...##>..## ##....#...
....)....## #.....
#########.# #...#


There were no monsters in sight!

Vanquished Creatures
  A moth of wrath (D:6)
  An orc warrior (D:6)
  A phantom (D:5)
  A black bear (D:6)
  4 ogres
  A centaur (D:5)
  A big kobold (D:7)
  Blork the orc (D:5)
  2 giant frogs (D:6)
  A gnoll sergeant (D:5)
  2 wyvern skeletons (D:6)
  3 scorpions
  2 howler monkeys (D:4)
  7 crimson imps
  An orc priest (D:6)
  An iguana (D:4)
  3 orc wizards
  Natasha (thrice) (D:4)
  4 worker ants
  9 gnolls
  A howler monkey skeleton (D:4)
  4 adders
  2 oozes
  3 worms
  3 dart slugs
  3 giant geckos
  21 orcs
  5 bats
  7 giant cockroaches
  6 goblins
  5 hobgoblins
  7 jackals
  9 kobolds
  4 quokkas
  A ball python (D:3)
  2 giant newts
  A quokka skeleton (D:6)
  6 rats
  A fungus (D:1)
140 creatures vanquished.

Vanquished Creatures (others)
  A fungus (D:1)
1 creature vanquished.

Grand Total: 141 creatures vanquished

Notes
Turn   | Place    | Note
-------+----------+-------------------------------------------
     0 | D:1      | Arkorax the Human Wanderer began the quest for the Orb.
     0 | D:1      | Arkorax set off with: a book of Frost, the Disquisition on Weightlessness, a scroll of teleportation, a +0 robe, a +0 dagger, a bread ration
     0 | D:1      | Reached XP level 1. HP: 16/16 MP: 2/2
    95 | D:1      | Reached XP level 2. HP: 13/23 MP: 3/3
   527 | D:1      | Reached XP level 3. HP: 26/28 MP: 4/4
   558 | D:2      | Reached skill level 1 in Short Blades
  1293 | D:1      | Reached XP level 4. HP: 34/35 MP: 5/5
  1672 | D:3      | Noticed Musica's ghost (weakling OpTm)
  1992 | D:3      | Found an iron altar of Okawaru.
  2000 | D:3      | Became a worshipper of Warmaster Okawaru
  2042 | D:3      | Found a shadowy altar of Dithmenos.
  2103 | D:3      | Reached XP level 5. HP: 12/41 MP: 6/6
  2502 | D:4      | Noticed Natasha
  2515 | D:4      | Killed Natasha
  2522 | D:4      | Noticed Natasha
  2531 | D:4      | Killed Natasha
  2588 | D:4      | Noticed Natasha
  2601 | D:4      | Killed Natasha
  2640 | D:4      | Reached XP level 6. HP: 35/48 MP: 7/7
  2684 | D:4      | Got a shimmering arbalest
  2685 | D:4      | Identified the +6 arbalest "Hoick" {penet, +Blink Dex+2} (You found it on level 4 of the Dungeon)
  2699 | D:4      | Reached * piety under Okawaru
  2701 | D:4      | Paralysed by a crimson imp for 2 turns
  2709 | D:4      | Found a shimmering altar of Xom.
  3087 | D:5      | Entered Level 5 of the Dungeon
  3184 | D:5      | Found Aquelug's Food Boutique.
  3188 | D:5      | Noticed an ogre
  3214 | D:5      | Reached XP level 7. HP: 43/55 MP: 8/8
  3535 | D:4      | Reached skill level 5 in Fighting
  3987 | D:4      | Reached ** piety under Okawaru
  3987 | D:4      | Reached XP level 8. HP: 54/62 MP: 9/9
  4002 | D:4      | Reached skill level 5 in Dodging
  4042 | D:4      | Reached skill level 5 in Short Blades
  4076 | D:4      | Found a hazy altar of Hepliaklqana.
  4148 | D:4      | Found a staircase to the Ecumenical Temple.
  4533 | D:5      | Noticed Blork the orc
  4549 | D:5      | Killed Blork the orc
  4859 | D:5      | Found an opulent altar of Gozag.
  4955 | D:6      | Reached XP level 9. HP: 70/71 MP: 10/10
  5017 | D:6      | Reached *** piety under Okawaru
  5022 | D:6      | Noticed a moth of wrath
  5024 | D:6      | Found a bloodstained altar of Trog.
  5086 | D:6      | Killed a moth of wrath
  5477 | D:6      | Reached skill level 1 in Armour
  5505 | D:6      | HP: 3/72 [poisoned by a scorpion]
  5513 | D:6      | HP: 3/72 [poisoned by a scorpion]
  6030 | D:6      | Found a glowing silver altar of Zin.
  6195 | D:6      | Found a bloodstained altar of Trog.
  6195 | D:6      | Found a stormy altar of Qazlal.
  6456 | D:7      | Found a shimmering altar of Xom.
  6457 | D:7      | Noticed Joseph
  6487 | D:7      | Slain by Joseph

Vault maps used:
D:1:      dpeg_arrival_water_temple_mockup, hangedman_feature_mirror,
          minmay_gold_behind_fungi
D:2:      tso_oasis_becter, kennysheep_slug_shrine
D:3:      grunt_dithmenos_smoke, lemuel_crystal_altar,
          kennysheep_generic_room_14, uniq_crazy_yiuf_cottage
D:4:      overflow_temple_1_default, led_xom_imps, uniq_natasha
D:5:      first_bread, serial_shops, shop, grunt_gozag_breadcrumbs,
          uniq_blork_the_orc
D:6:      zin_statuary, gammafunk_temple_overflow_elements, tgw_trog,
          uniq_grinder
D:7:      basic_altar, grunt_ogre_cave, minmay_misc_feat_cross, glass_columns_a,
          serial_park_tiny_1, uniq_joseph

Skill      XL: |  1  2  3  4  5  6  7  8  9 |
---------------+----------------------------+-----
Short Blades   | 1 2 3 4 5 7 |  7.0
Fighting       | 3 4 5 6 7 |  7.5
Dodging        | 3 4 5 |  5.8
Shields        | 3 4 |  4.2
Armour         | 2 |  2.3
Throwing       | |  1.0
Stealth        | |  1.0
Spellcasting   | |  1.0
Ice Magic      | |  1.0
Earth Magic    | |  1.0

Action                   |  1- 3 |  4- 6 |  7- 9 || total
-------------------------+-------+-------+-------++-------
Melee: Dagger            |   150 |   173 |   525 ||   848
       Unarmed           |       |     3 |       ||     3
 Fire: Arbalest          |       |    16 |       ||    16
Evoke: Wand              |       |       |     3 ||     3
  Use: Scroll            |       |     3 |     2 ||     5
       Potion            |       |     6 |     2 ||     8
 Stab: Sleeping          |     1 |     3 |     3 ||     7
       Paralysed         |       |       |     6 ||     6
       Petrifying        |       |       |     2 ||     2
       Confused          |       |       |     4 ||     4
       Petrified         |       |       |     1 ||     1
  Eat: Chunk             |     1 |     2 |     2 ||     5
       Bread ration      |       |     1 |     2 ||     3
       Meat ration       |       |       |     1 ||     1
Armor: Robe              |    23 |    14 |       ||    37
       Ring mail         |       |    44 |   125 ||   169
       Skin              |       |     3 |       ||     3
       Leather armour    |       |       |     9 ||     9
Dodge: Dodged            |   115 |   113 |   277 ||   505
Block: Buckler           |       |       |    43 ||    43
